Map: Ruins of Seras

Players

Manta - Winner!

  • Race: Zerg Zerg
  • League: Silver

JerryP

  • Race: Protoss Protoss
  • League: Silver

VOD

Have the link to the VOD?

Description

Time

  • Played on: Feb. 19, 2016, 2:59 p.m.
  • Length: 11:15
Show
View Real Time Build Order
Export as new Build Order

Manta Zerg - Winner!

Build Orders: 3 Hatch before Pool 

Get SALT Encoding   

  12  0:01  Drone  
  13  0:13  Overlord  
  13  0:19  Drone  
  14  0:32  Drone x2  
  16  0:35  Drone  
  17  0:55  Hatchery  
  16  1:16  Hatchery  
  15  1:31  Spawning Pool  
  14  1:34  Extractor  
  14  1:54  Drone x3  
  16  2:10  Drone x2  
  18  2:18  Zergling x2  
  18  2:20  Overlord  
  19  2:23  Queen  
  21  2:35  Zergling x2  
  22  2:45  Drone  
  22  2:46  Drone x3  
  22  2:47  Extractor  
  22  2:48  Zergling x2  
  26  3:00  Drone x3  
  29  3:11  Drone  
  30  3:14  Zergling x2  
  30  3:15  Zergling x4  
  33  3:27  Queen  
  33  3:30  Queen  
  33  3:33  Drone  
  38  3:36  Drone  
  39  3:54  Drone x3  
  42  3:56  Overlord x2  
  39  4:12  Lair  
  39  4:20  Drone x3  
  39  4:21  Drone x4  
  39  4:22  Overlord  
  45  4:58  Drone  
  45  4:59  Spore Crawler  
  45  5:02  Spore Crawler  
  45  5:06  Metabolic Boost  
  44  5:10  Spore Crawler  
  43  5:17  Extractor  
  43  5:19  Drone x4  
  43  5:20  Drone  
  43  5:21  Extractor  
  46  5:22  Zergling x4  
  46  5:23  Zergling x14  
  46  5:24  Zergling x8  
  46  5:25  Zergling x2  
  46  5:26  Overlord  
  46  5:27  Overlord  
  60  5:30  Overlord  
  60  5:45  Drone x3  
  60  5:46  Drone x2  
  65  5:54  Queen  
  65  5:55  Queen  
  69  6:00  Drone  
  69  6:01  Spire  
  69  6:06  Drone x2  
  69  6:07  Drone  
  69  6:08  Zergling x2  
  73  6:26  Drone x3  
  73  6:27  Drone x3  
  73  6:49  Drone x3  
  73  6:50  Drone  
  73  6:51  Drone x2  
  73  6:52  Drone  
  80  6:57  Hatchery  
  80  7:00  Evolution Chamber  
  78  7:04  Evolution Chamber  
  78  7:05  Infestation Pit  
  76  7:12  Mutalisk x2  
  76  7:15  Overlord x3  
  80  7:16  Pneumatized Carapace  
  80  7:31  Overseer  
  80  7:43  Queen  
  82  7:44  Mutalisk x2  
  82  7:45  Mutalisk x6  
  82  7:46  Mutalisk x3  
  82  7:47  Hatchery  
  82  7:49  Overlord  
  103  8:00  Extractor  
  103  8:01  Drone x3  
  103  8:02  Extractor  
  104  8:07  Drone  
  104  8:08  Drone x6  
  104  8:09  Queen  
  113  8:21  Zerg Flyer Armor Level 1  
  113  8:22  Hive  
  113  8:28  Drone x2  
  113  8:29  Drone x4  
  113  8:30  Overlord  
  113  8:31  Overlord  
  119  8:58  Mutalisk x4  
  119  8:59  Mutalisk x4  
  119  9:01  Zergling x2, Overlord  
  119  9:02  Zergling x8  
  136  9:44  Mutalisk x3  
  136  9:45  Mutalisk x2  
  136  9:46  Zergling x8  
  136  9:47  Zergling x12  
  137  10:06  Zergling x2  
  138  10:07  Zergling x8  
  138  10:09  Mutalisk x3  
  135  10:38  Mutalisk x2  
  135  10:39  Zergling x2, Mutalisk  
  135  10:40  Zergling x14  
  135  10:41  Zergling x2, Overlord  
  135  10:42  Overlord x2  
Show
View Real Time Build Order
Export as new Build Order

JerryP Protoss 

Build Orders:  

Get SALT Encoding   

  12  0:01  Probe (Chrono Boost)  
  13  0:13  Probe (Chrono Boost)  
  14  0:25  Probe (Chrono Boost)  
  14  0:27  Pylon  
  15  0:45  Probe (Chrono Boost)  
  16  0:56  Probe (Chrono Boost)  
  17  1:07  Probe (Chrono Boost)  
  17  1:09  Nexus  
  18  1:17  Probe (Chrono Boost)  
  19  1:28  Gateway, Probe (Chrono Boost)  
  20  1:36  Assimilator  
  20  1:38  Probe (Chrono Boost)  
  21  1:42  Pylon  
  21  2:01  Probe (Chrono Boost)  
  22  2:12  Probe (Chrono Boost)  
  23  2:17  Gateway  
  23  2:25  Cybernetics Core  
  23  2:27  Forge  
  23  2:38  Probe (Chrono Boost)  
  23  2:40  Assimilator  
  23  2:47  Zealot  
  25  3:00  Pylon, Probe (Chrono Boost)  
  25  3:01  Probe (Chrono Boost)  
  27  3:09  Probe (Chrono Boost)  
  27  3:10  Warp Gate (Chrono Boost)  
  27  3:11  Protoss Ground Weapons Level 1  
  27  3:12  Probe  
  29  3:19  Probe  
  29  3:21  Adept  
  29  3:24  Probe  
  29  3:26  Adept  
  35  3:31  Probe  
  36  3:36  Mothership Core  
  38  3:41  Probe  
  38  3:46  Gateway  
  36  3:58  Probe  
  33  4:03  Probe  
  34  4:10  Probe  
  34  4:14  Probe  
  36  4:22  Probe  
  37  4:24  Probe, Gateway  
  37  4:26  Pylon  
  37  4:28  Pylon  
  38  4:34  Probe  
  38  4:35  Probe, Sentry  
  38  4:37  Stalker  
  44  4:41  Sentry  
  44  4:59  Protoss Ground Armor Level 1 (Chrono Boost)  
  44  5:00  Probe  
  43  5:10  Robotics Facility  
  43  5:33  Probe  
  44  5:43  Gateway  
  44  5:46  Probe x2  
  44  5:47  Pylon  
  44  5:49  Assimilator, Stalker  
  48  5:50  Stalker x3  
  48  5:55  Assimilator  
  54  5:57  Probe  
  54  5:58  Probe  
  60  6:06  Observer (Chrono Boost)  
  57  6:12  Pylon  
  57  6:13  Probe  
  58  6:20  Pylon  
  58  6:22  Probe  
  58  6:25  Probe, Immortal (Chrono Boost)  
  62  6:39  Stalker x2  
  62  6:40  Stalker x2  
  66  6:56  Gateway  
  66  6:59  Protoss Shields Level 1, Probe  
  67  7:08  Twilight Council  
  67  7:12  Probe  
  68  7:25  Immortal (Chrono Boost)  
  68  7:26  Stalker x2  
  68  7:27  Zealot x2  
  68  7:28  Zealot  
  81  7:40  Nexus  
  81  7:57  Probe  
  81  7:58  Probe  
  83  8:10  Stalker x4, Probe x2  
  93  8:22  Probe  
  94  8:28  Pylon  
  94  8:34  Pylon  
  94  8:38  Pylon  
  94  8:41  Immortal  
  94  8:42  Pylon  
  94  8:46  Probe  
  98  8:50  Photon Cannon  
  98  8:53  Photon Cannon  
  93  9:01  Charge (Chrono Boost), Photon Cannon  
  92  9:03  Photon Cannon  
  89  9:35  Stargate  
  87  9:42  Pylon  
  83  9:54  Probe  
  77  10:05  Pylon  
  73  10:08  Stalker x5  
  81  10:15  Probe  
  81  10:19  Probe  
  83  10:21  Probe  
  83  10:24  Phoenix  
  83  10:26  Probe  
  81  10:31  Probe  
  81  10:34  Probe  
  77  10:42  Sentry x3  
Tags
 
Add a new tag
Caveats
  • Supply blocks, unpowered buildings, or Contaminate may cause inaccurate times.
  • Supply counts are checked every 10 seconds.